[Event "Titled Tuesday Blitz November 07 Late 2023"]
[White "Kniazev, Igor"]
[Black "Elbebiber"]
[WhiteFideId "4136349"]
[WhiteElo "2180"]
[BlackElo "2114"]
[Result "0-1"]
[Round "11"]
[TimeControl "180+1"]
[Date "2023.11.07"]
[WhiteClock "0:00:00"]
[BlackClock "0:00:24"]
[Board "83"]

1. e4 d5 2. exd5 Nf6 3. Nc3 Nxd5 4. Bc4 Nb6 5. Bb3 Bf5 6. Qf3 Qc8 7. g4 Bg6 8. h4 h5 9. g5 e6 10. Nge2 Nc6 11. d4 Bd6 12. Nb5 Na5 13. Nxd6+ cxd6 14. c3 d5 15. Bf4 Nac4 16. Bxc4 Nxc4 17. b3 Be4 18. Qh3 Bxh1 19. Qxh1 Nb6 20. Bd6 Qd7 21. Bc5 Nc8 22. Qh2 Ne7 23. Nf4 g6 24. O-O-O b6 25. Ba3 Rc8 26. Qh3 Nf5 27. Kb2 a5 28. Nd3 Qb5 0-1


[Site "https://www.chess.com"]

[Event "Titled Tuesday Blitz November 07 Late 2023"]
[White "Ghosh, Chanchal Kumer"]
[Black "Feliz Dotel, Dewar Bienvenido"]
[WhiteFideId "10201858"]
[BlackFideId "6402801"]
[WhiteElo "2070"]
[BlackElo "2142"]
[Result "0-1"]
[Round "11"]
[TimeControl "180+1"]
[Date "2023.11.08"]
[WhiteClock "0:00:00"]
[BlackClock "0:00:07"]
[Board "84"]

1. e4 e5 2. Nf3 Nc6 3. Bc4 Nf6 4. Ng5 d5 5. exd5 Na5 6. Bb5+ c6 7. dxc6 bxc6 8. Qf3 Be7 9. Bxc6+ Nxc6 10. Qxc6+ Bd7 11. Qc4 O-O 12. Nc3 Rc8 13. Qd3 h6 14. Nf3 e4 15. Nxe4 Nxe4 16. Qxe4 Bc6 17. Qf5 g6 18. Qh3 Bxf3 19. Qxf3 Rxc2 20. O-O Bf6 21. d3 Bxb2 22. Bxh6 Bxa1 23. Bxf8 Qxf8 24. Rxa1 Qa3 25. h4 Rxa2 26. Re1 Ra1 27. Rxa1 Qxa1+ 28. Kh2 a5 29. g3 a4 30. h5 a3 31. hxg6 fxg6 32. Qd5+ Kg7 33. Qd7+ Kf6 34. Qd8+ Kf7 35. Qd5+ Ke7 36. Qc5+ Ke6 37. Qc6+ Ke7 38. Qxg6 a2 39. Qe4+ Kd6 40. Qf4+ Kc6 41. Qc4+ Kb6 42. Qb4+ Kc7 43. Qb3 Qh8+ 44. Kg2 a1=Q 45. Qc4+ Kd7 46. Qg4+ Ke7 47. Qg5+ Qaf6 48. Qc5+ Kf7 49. Qd5+ Qe6 50. Qb7+ Kf6 51. Qb2+ Qe5 52. Qb6+ Kf5 53. Qc6 Qhf6 54. Qf3+ Kg6 55. Qg4+ Qeg5 56. Qe4+ Qgf5 57. Qa8 Qxf2+ 58. Kh3 Q6f5+ 59. g4 Qf1+ 60. Kg3 Qg1+ 0-1


[Site "https://www.chess.com"]

[Event "Titled Tuesday Blitz November 07 Late 2023"]
[White "Powell, Paul"]
[Black "De Souza, Cristiano Gomes"]
[WhiteFideId "2005840"]
[BlackFideId "2151758"]
[WhiteElo "2084"]
[BlackElo "2250"]
[Result "0-1"]
[Round "11"]
[TimeControl "180+1"]
[Date "2023.11.07"]
[WhiteClock "0:00:00"]
[BlackClock "0:00:15"]
[Board "85"]

1. d4 Nf6 2. Nf3 g6 3. Bf4 Bg7 4. e3 d6 5. Be2 O-O 6. c4 b6 7. Nc3 Bb7 8. O-O Nbd7 9. Rc1 Ne4 10. Qc2 Ndf6 11. h3 a5 12. a3 Nxc3 13. Qxc3 Ne4 14. Qc2 f5 15. d5 h6 16. Bd3 Nf6 17. Nd4 Bc8 18. Nc6 Qe8 19. e4 fxe4 20. Bxe4 Nxe4 21. Qxe4 e5 22. Bd2 Bf5 23. Qh4 g5 24. Qg3 Bd7 25. h4 gxh4 26. Qxh4 Bxc6 27. dxc6 Qg6 28. Rc3 Rf5 29. Rg3 Qh5 30. Qe7 Rf7 31. Qe6 Kh7 32. f4 exf4 33. Rxf4 Rxf4 34. Bxf4 Rf8 35. Qe4+ Qf5 36. Qe3 Qxf4 37. Qd3+ Qf5 0-1


[Site "https://www.chess.com"]

[Event "Titled Tuesday Blitz November 07 Late 2023"]
[White "Ismayilova, Khanim"]
[Black "katharinareinecke"]
[WhiteFideId "13429019"]
[WhiteElo "2159"]
[BlackElo "1951"]
[Result "1-0"]
[Round "11"]
[TimeControl "180+1"]
[Date "2023.11.07"]
[WhiteClock "0:00:56"]
[BlackClock "0:00:00"]
[Board "86"]

1. e4 c6 2. d4 d5 3. exd5 cxd5 4. c3 Bf5 5. Bb5+ Nc6 6. Qa4 Qc7 7. Bf4 e5 8. Bxe5 Qb6 9. Nf3 a6 10. Bxc6+ bxc6 11. O-O f6 12. Bf4 Ne7 13. Re1 Kf7 14. Nbd2 Ng6 15. Bg3 Be7 16. c4 Rhe8 17. cxd5 cxd5 18. Nb3 Bb4 19. Rxe8 Rxe8 20. a3 Bf8 21. Nc5 h5 22. Nd7 h4 23. Nxb6 hxg3 24. hxg3 Rb8 25. Nxd5 Rxb2 26. Qxa6 Be4 27. Qa7+ Kg8 28. Nc7 Bd6 29. Ne8 Rb7 30. Qa4 Bb8 31. Qc4+ Kh7 32. d5 1-0


[Site "https://www.chess.com"]

[Event "Titled Tuesday Blitz November 07 Late 2023"]
[White "Smirnov, Timofey"]
[Black "Bao, Qilin"]
[WhiteFideId "24176427"]
[BlackFideId "8605750"]
[WhiteElo "2094"]
[BlackElo "2676"]
[Result "0-1"]
[Round "11"]
[TimeControl "180+1"]
[Date "2023.11.07"]
[WhiteClock "0:00:00"]
[BlackClock "0:00:53"]
[Board "87"]

1. d4 c5 2. c3 g6 3. Bf4 Bg7 4. e3 b6 5. Nf3 Bb7 6. Be2 d6 7. h3 Nf6 8. O-O O-O 9. Nbd2 a6 10. a4 Nbd7 11. Re1 Ra7 12. Bh2 Qa8 13. dxc5 bxc5 14. Nc4 Ne4 15. Na5 Bd5 16. c4 Be6 17. Rb1 Rb8 18. b3 Nc3 19. Qc2 Nxb1 20. Rxb1 Bf5 21. Bd3 Bxd3 22. Qxd3 Rc7 23. Nd2 Qa7 24. Qe4 Qb6 25. b4 cxb4 26. Nab3 Nc5 27. Qd5 a5 28. g4 Rbc8 29. Rc1 Nxa4 30. c5 Nxc5 31. Nc4 Qb7 32. Nbxa5 Qxd5 0-1


[Site "https://www.chess.com"]

[Event "Titled Tuesday Blitz November 07 Late 2023"]
[White "Broca Jimenez, Fernando"]
[Black "Burke, Paul"]
[WhiteFideId "5104742"]
[BlackFideId "2605767"]
[WhiteElo "2211"]
[BlackElo "1884"]
[Result "1-0"]
[Round "11"]
[TimeControl "180+1"]
[Date "2023.11.07"]
[WhiteClock "0:00:18"]
[BlackClock "0:01:00"]
[Board "88"]

1. e4 e5 2. Nf3 Nc6 3. Bb5 f5 4. d3 Nf6 5. O-O Be7 6. Bc4 d6 7. Nc3 Na5 8. exf5 Nxc4 9. dxc4 O-O 10. Bg5 Bxf5 11. Qd2 Ne4 12. Nxe4 Bxe4 13. Bxe7 Qxe7 14. Ng5 Bf5 15. f3 h6 16. Ne4 Bxe4 17. fxe4 Qe6 18. Qd5 Qxd5 19. cxd5 Rxf1+ 20. Rxf1 Rf8 21. Rxf8+ Kxf8 22. g4 Kf7 23. h4 Kf6 24. Kf2 g6 25. c4 Ke7 26. b4 Kd7 27. Ke3 Kd8 28. Kd3 Kd7 29. c5 Kd8 30. Kc4 Kd7 31. a4 Kd8 32. a5 Kd7 33. Kb5 Kd8 34. c6 b6 35. axb6 axb6 36. Ka6 Kc8 37. Ka7 g5 38. h5 b5 39. Ka8 Kd8 40. Kb8 1-0


[Site "https://www.chess.com"]

[Event "Titled Tuesday Blitz November 07 Late 2023"]
[White "Bongo Akanga Ndjila, Barthelemy"]
[Black "Mirza, Diana"]
[WhiteFideId "10609431"]
[BlackFideId "2503999"]
[WhiteElo "2007"]
[BlackElo "1986"]
[Result "1-0"]
[Round "11"]
[TimeControl "180+1"]
[Date "2023.11.08"]
[WhiteClock "0:01:22"]
[BlackClock "0:01:46"]
[Board "89"]

1. d4 Nf6 2. c4 g6 3. Nc3 Bg7 4. e4 d6 5. Be2 O-O 6. Nf3 c5 7. O-O cxd4 8. Nxd4 Nc6 9. Nc2 Be6 10. Kh1 Rc8 11. f3 Ne5 12. b3 Nxf3 13. Rxf3 Nxe4 14. Nxe4 Bxa1 15. Nxa1 f5 16. Ng5 Qd7 17. Re3 Bf7 18. Bb2 h6 19. Qd4 e5 20. Rxe5 hxg5 21. Re7 1-0


[Site "https://www.chess.com"]

[Event "Titled Tuesday Blitz November 07 Late 2023"]
[White "Desideri, Ricardo Maruchi"]
[Black "Vargas, Mauricio"]
[WhiteFideId "2110440"]
[BlackFideId "4404572"]
[WhiteElo "1998"]
[BlackElo "1854"]
[Result "0-1"]
[Round "11"]
[TimeControl "180+1"]
[Date "2023.11.07"]
[WhiteClock "0:02:17"]
[BlackClock "0:01:53"]
[Board "90"]

1. e4 d5 2. exd5 Qxd5 3. Nc3 Qa5 4. d4 c6 5. Bc4 Nf6 6. Qe2 Bg4 7. f3 Bh5 8. g4 Bg6 9. Bf4 e6 10. O-O-O Bb4 11. Bxe6 fxe6 12. Qxe6+ Kf8 13. Qc8+ Kf7 14. Qxb7+ Nbd7 15. g5 Qf5 16. gxf6 Qxc2# 0-1


[Site "https://www.chess.com"]